 Dungeon Crawl Stone Soup version 0.23-a0-169-gb21e695 (webtiles) character file.

322 KristoblXynda the Ruffian (level 6, -1/53 HPs)
             Began as a Troll Wizard on Sept 11, 2018.
             Was an Initiate of Nemelex Xobeh.
             Slain by a gnoll
             ... wielding a +0 spear
              (6 damage)
             ... on level 3 of the Dungeon.
             The game lasted 00:04:47 (2092 turns).

KristoblXynda the Ruffian (Troll Wizard)            Turns: 2092, Time: 00:04:48

Health: -1/53      AC:  5    Str: 16    XL:     6   Next: 22%
Magic:  8/8        EV:  9    Int: 16    God:    Nemelex Xobeh [......]
Gold:   78         SH:  0    Dex:  7    Spells: 8/9 levels left

rFire    . . .     SeeInvis .     - Unarmed
rCold    . . .     Gourm    +   (no shield)
rNeg     . . .     Faith    .   a - +0 robe
rPois    .         Spirit   .   b - +0 hat
rElec    .         Reflect  .   (no cloak)
rCorr    .         Harm     .   (gloves unavailable)
MR       .....                  (boots unavailable)
Stlth    +.........             (no amulet)
HPRegen  0.57/turn              o - -3 ring of dexterity (curse)
MPRegen  0.11/turn              n - +2 ring of dexterity

@: no status effects
A: large, unfitting armour, claws 3, fast metabolism 3, gourmand, regeneration
1, shaggy fur 1, tough skin 2
a: Renounce Religion


You were on level 3 of the Dungeon.
You worshipped Nemelex Xobeh.
Nemelex Xobeh was noncommittal.
You were full.

You visited 1 branch of the dungeon, and saw 3 of its levels.

You collected 78 gold pieces.

Inventory:

Hand Weapons
 g - a +0 whip of electrocution
Armour
 a - a +0 robe (worn)
 b - a +0 hat (worn)
Jewellery
 f - an uncursed ring of poison resistance {unknown}
 n - a +2 ring of dexterity (right claw)
 o - a cursed -3 ring of dexterity (left claw)
 q - an uncursed ring of stealth
Wands
 l - a wand of random effects (34)
Scrolls
 c - a scroll of immolation
 i - a scroll of identify
 j - 2 scrolls of teleportation
Potions
 e - 2 potions of curing
 h - 2 potions of heal wounds
Miscellaneous
 m - a plain deck of escape
Comestibles
 d - 4 rations


   Skills:
 - Level 1.5 Dodging
 - Level 1.0 Stealth
 * Level 5.0 Unarmed Combat
 - Level 2.0 Spellcasting
 + Level 2.6 Conjurations
   Level 0.6 Summonings
   Level 0.6 Translocations


You had 8 spell levels left.
You knew the following spells:

 Your Spells              Type           Power        Failure   Level  Hunger
a - Magic Dart            Conj           ##..         7%          1    #......

Your spell library contained the following spells:

 Spells                   Type           Power        Failure   Level  Hunger
 Blink                    Tloc           N/A          24%         2    ###....
 Call Imp                 Summ           #.......     24%         2    ###....
 Slow                     Hex            #.......     30%         2    ###....
 Conjure Flame            Conj/Fire      #.......     34%         3    ###....
 Mephitic Cloud           Conj/Pois/Air  #.......     41%         3    ###....


Dungeon Overview and Level Annotations

Branches:
Dungeon (3/15)

Altars:
Elyvilon
Nemelex Xobeh
Xom
Zin

Annotations:
D:3 1 runed door


Innate Abilities, Weirdness & Mutations

You are too large for most types of armour.
You have claws for hands.
Your metabolism is lightning-fast.
You like to eat raw meat.
Your natural rate of healing is unusually fast.
You are covered in fur. (AC +1)
You have very tough skin. (AC +2)


Message History

The gnoll closely misses you. The gnoll barely misses you.
You scratch the gnoll.
The gnoll is severely wounded.
The gnoll closely misses you.
The gnoll hits you from afar with a spear.
You scratch the gnoll.
You kill the gnoll!
The gnoll hits you from afar with a spear.
The gnoll hits you from afar with a halberd!
* * * LOW HITPOINT WARNING * * *
The gnoll hits you with a spear.
* * * LOW HITPOINT WARNING * * *
Things that are here:
a club; a gnoll corpse You barely miss the gnoll.
The gnoll hits you from afar with a halberd!
* * * LOW HITPOINT WARNING * * *
The gnoll hits you from afar with a spear.
You die...
Your body disappears without a glow.

#...#........#≈≈≈#.##
......#......##≈≈≈#...
#.#.#......#.###≈≈≈####
#.#.##.....#.###≈.≈# # #
# #......#...#≈≈≈# #
.#.###..#####≈≈(# # #
....<....# #≈≈≈# #
#...########.#####≈≈≈####
#...ggg)@........##+##..#
############.#####....#.#
#.#####..#.#.#
#..........#.#
############.# #.# #.#
#.# #.#


You could see 3 gnolls.

Vanquished Creatures
  The ghost of galech the Chopper, an amateur DsMo (D:3)
  A gnoll (D:3)
  4 adders
  A river rat (D:3)
  2 dart slugs
  2 leopard geckos (D:3)
  2 ball pythons
  3 giant cockroaches
  A goblin (D:2)
  7 hobgoblins
  6 jackals
  A quokka (D:3)
  7 bats
  2 frilled lizards (D:2)
  12 kobolds
  8 rats
60 creatures vanquished.

Notes
Turn   | Place    | Note
-------+----------+-------------------------------------------
     0 | D:1      | KristoblXynda the Troll Wizard began the quest for the Orb.
     0 | D:1      | Reached XP level 1. HP: 16/16 MP: 2/2
     1 | D:1      | Found a sparkling altar of Nemelex Xobeh.
    40 | D:1      | Reached skill level 1 in Unarmed Combat
    43 | D:1      | Reached skill level 1 in Conjurations
   116 | D:1      | Reached XP level 2. HP: 24/24 MP: 4/4
   686 | D:2      | Reached skill level 2 in Unarmed Combat
   762 | D:2      | Reached XP level 3. HP: 30/31 MP: 5/5
   906 | D:2      | Found a shimmering altar of Xom.
   973 | D:2      | Found a white marble altar of Elyvilon.
  1182 | D:2      | Found a sparkling altar of Nemelex Xobeh.
  1288 | D:2      | Reached skill level 3 in Unarmed Combat
  1288 | D:2      | Reached XP level 4. HP: 33/39 MP: 6/6
  1444 | D:2      | Became a worshipper of Nemelex Xobeh the Trickster
  1733 | D:3      | Received a gift from Nemelex Xobeh
  1738 | D:3      | Found a glowing silver altar of Zin.
  1932 | D:3      | Found a runed door.
  1949 | D:3      | Noticed galech's ghost (amateur DsMo)
  1979 | D:3      | Killed galech's ghost
  1979 | D:3      | Reached skill level 4 in Unarmed Combat
  1979 | D:3      | Reached XP level 5. HP: 30/45 MP: 7/7
  1979 | D:3      | Reached XP level 6. HP: 35/53 MP: 8/8
  2002 | D:3      | Reached skill level 5 in Unarmed Combat
  2020 | D:3      | Found a runed door.
  2092 | D:3      | Slain by a gnoll

Vault maps used:
D:1:      sevenhm_arrival_forest_fort_small_6, st_stairs_11
D:2:      xom_butterflies, nicolae_overflow_crystal_walls, first_ration,
          nemelex_altar_shiori
D:3:      old_standard_altar, ebering_ghost_sewer_f, minivault_26,
          minmay_rat_hole

Skill      XL: |  1  2  3  4  5  6 |
---------------+-------------------+-----
Unarmed Combat | 1 2 3 4 5 |  5.0
Conjurations   | 1 2 |  2.6
Dodging        | |  1.5
Stealth        | |  1.0
Spellcasting   | |  2.0
Summonings     | |  0.6
Translocations | |  0.6

Action                   |  1- 3 |  4- 6 || total
-------------------------+-------+-------++-------
Melee: Unarmed           |    99 |    86 ||   185
       Punch             |     2 |       ||     2
  Use: Scroll            |     5 |     1 ||     6
       Potion            |       |     5 ||     5
 Stab: Sleeping          |     1 |       ||     1
  Eat: Chunk             |    17 |     5 ||    22
Armor: Robe              |    51 |    20 ||    71
Dodge: Dodged            |    56 |    36 ||    92

Table legend:
 A = Non-vault XP
 B = Vault XP
 C = Vault XP percentage of total XP
 D = Non-vault monster count
 E = Vault monster count
 F = Vault count percentage of total count
                 A         B        C        D         E       F
            +---------+---------+-------+---------+---------+-------
      Total |     149 |     312 |  67.7 |      53 |       7 |  11.7
            +---------+---------+-------+---------+---------+-------
        D:1 |      27 |       4 |  12.9 |      16 |       3 |  15.8
        D:2 |      76 |       0 |   0.0 |      25 |       0 |   0.0
        D:3 |      46 |     308 |  87.0 |      12 |       4 |  25.0
            +---------+---------+-------+---------+---------+-------
